Workbook
Name actions: structure!$D$3:$L$3
Name catégories: #REF!
Name catégories: #REF!
Name cdm: structure!$D$4:$D$10
Name ecochHN: structure!$J$4:$J$9
Name objCO2HN: structure!$I$4:$I$9
Name orgabn: structure!$G$4:$G$7
Name orgahn: structure!$H$4:$H$7
Name prerequisbn: structure!$F$4:$F$10
Name prerequishn: structure!$E$4:$E$10

Sheet structure
C3: conventions | D3: cdm | E3: prerequishn | F3: prerequisbn | G3: orgabn | H3: orgahn | I3: objCO2HN | J3: ecochHN | K3: matériaux | L3: orquasi
C4: postes de charges | D4: Petits matériels | E4: Promotion de l'outil internet | F4: Promotion de l'outil internet | G4: Ingénierie | H4: Ingénierie | I4: Promotion -animation du dispositif | J4: Ingénierie | K4: etudes | L4: frais
D5: Locations | E5: Sensibilisation des entreprises | F5: Sensibilisation des entreprises | G5: Action Appui-conseil | H5: Action Appui-conseil | I5: Prestations | J5: Promotion -animation du dispositif | K5: frais déplacement | L5: prestation
D6: Communication (courriers, plaquettes, goodies,…) | E6: Gestion des accès back office | F6: Gestion des accès back office | G6: Action Formation | H6: Action Formation | I6: Conception, impression routage support de comm | J6: Prestations | K6: communication | L6: études
D7: Frais de dépl. FRTP | E7: Ingénierie, suivi | F7: Ingénierie, suivi | G7: Accompagnement | H7: Accompagnement | I7: Frais de dépl. FRTP | J7: Conception, impression routage support de comm | L7: communication
D8: Temps administratif FRTP | E8: Conception, impression routage support de comm | F8: Conception, impression routage support de comm | I8: Temps passé entreprise | J8: Frais de dépl. FRTP
E9: Frais de dépl. FRTP | F9: Frais de dépl. FRTP | J9: Temps passé entreprise
E10: Temps passé entreprise | F10: Temps passé entreprise
A14: salarié
A15: MJ | B15: 800
A16: CG | B16: 550
A17: AA | B17: 440

Sheet Suivi heures
C3: TOTAL Temps heures
A6: date | B6: action | C6: imputation | D6: personne | E6: détail activité | F6: temps (heures) | G6: cout
A7: 42202 | B7: prerequishn | C7: Ingénierie, suivi | D7: CG | F7: 5 | G7: =IF(D7="AA",F7*structure!B17,IF(D7="CG",F7*structure!B16,IF(D7="MJ",F7*'Prérequis sécurité HN'!#REF!,"à affecter"))) -> 2750
A8: 42242 | B8: orgahn | C8: Action Formation
B9: orgahn | C9: Action Appui-conseil
B10: objCO2HN | C10: Frais de dépl. FRTP
B11: ecochHN | C11: Prestations
B12: matériaux
B13: prerequishn | C13: Conception, impression routage support de comm

Sheet CDM BN
A1: Convention CRBN :
A2: début conventionnement : | B2: 42005
A3: fin conventionnement : | B3: 42369
A5: Montant du projet : | B5: 17800
A6: Montant subvention CRBN totale : | B6: 8900
A7: Tx de subvention CRBN: | B7: 0.5
B9: BASSE NORMANDIE
B11: Dépenses exécutées | H11: Recettes prévisionnelles | J11: Recettes éxécutables
A12: Rencontres métiers Travaux Publics avec la Cité des Métiers de Basse-Normandie | B12: TOTAL dépenses Temps | C12: TOTAL Frais dépl. | D12: TOTAL REEL | E12: taux éxécution | F12: Dépenses Prévis. | G12: Dépenses éligibles CRHN | H12: Tx de sbv. CRHN | I12: CRHN | J12: CRHN
A13: Petits matériels | E13: =D13/F13 -> 0 | F13: 500 | H13: 0.5 | I13: =G13*H13 -> 0
A14: Locations | E14: =D14/F14 -> 0 | F14: 800 | H14: 0.5 | I14: =G14*H14 -> 0
A15: Communication (courriers, plaquettes, goodies,…) | E15: =D15/F15 -> 0 | F15: 5000 | H15: 0.5 | I15: =G15*H15 -> 0
A16: Frais de dépl. FRTP | E16: =D16/F16 -> 0 | F16: 2500 | H16: 0.5 | I16: =G16*H16 -> 0
A17: Temps administratif FRTP | E17: =D17/F17 -> 0 | F17: 9000 | G17: 0 | H17: 0 | I17: =G17*H17 -> 0
A18: TOTAL | B18: =SUM(B13:B17) -> 0 | C18: =SUM(C13:C17) -> 0 | D18: =SUM(D13:D17) -> 0 | E18: =D18/F18 -> 0 | F18: =SUM(F13:F17) -> 17800 | G18: =SUM(G13:G17) -> 0 | I18: =SUM(I13:I17) -> 0 | J18: =SUM(J13:J17) -> 0

Sheet Suivi CDM BN
B3: TOTAL Temps heures | I3: Achats / frais | L3: recettes
A6: date | B6: imputation | C6: personne | D6: détail activité | E6: temps (heures) | F6: cout | H6: date | I6: nature | J6: montant
A7: 42202 | B7: Gestion des accès back office | C7: CG | E7: 5 | F7: =IF(C7="AA",E7*structure!B17,IF(C7="CG",E7*structure!B16,IF(C7="MJ",E7*'Prérequis sécurité HN'!#REF!,"à affecter"))) -> 2750 | H7: 42363 | I7: Promotion de l'outil internet | J7: 152
A8: 42242 | B8: Gestion des accès back office | H8: 8 | I8: Promotion de l'outil internet
B9: Conception, impression routage support de comm | H9: 41233 | I9: Ingénierie, suivi | J9: 146446

Sheet Prérequis sécurité HN
A1: Convention CRHN : | B1: début conventionnement | F1: 42156
B2: fin conventionnement | F2: 42522
A4: Montant du projet : | B4: 35725
A5: Montant éligible CRHN : | B5: 24475
A6: Montant subvention CRHN totale : | B6: 17863
A7: Tx de subvention CRHN: | B7: 0.7298
B9: HAUTE NORMANDIE
B11: Dépenses exécutées | J11: Recettes prévisionnelles | L11: recettes éxécutables
A12: Prérequis Sécurité Haute-Normandie | B12: TOTAL dépenses Temps | C12: TOTAL Temps AA | D12: TOTAL Temps MJ | E12: TOTAL Frais dépl. | F12: TOTAL REEL | G12: taux éxécution | H12: Dépenses Prévis. | I12: Dépenses éligibles CRHN | J12: Tx de sbv. CRHN | K12: CRHN | L12: CRHN | M12: Fondation SMA | N12: FNTP | O12: ATT | P12: Vente Livret ATT | Q12: Temps passé entrepr
A13: Promotion de l'outil internet | B13: =SUMIF('Suivi prérequis HN'!C:C,'Prérequis sécurité HN'!A13,'Suivi prérequis HN'!G:G) -> 0 | E13: =SUMIF('Suivi prérequis HN'!J:J,'Prérequis sécurité HN'!A13,'Suivi prérequis HN'!K:K) -> 152 | F13: =SUM(B13:E13) -> 152 | G13: =F13/H13 -> 0.036848485 | H13: =4125 -> 4125 | I13: =4125 -> 4125 | J13: 0.7298 | K13: =I13*J13 -> 3010.425 | L13: =F13*J13 -> 110.9296
A14: Sensibilisation des entreprises | B14: =SUMIF('Suivi prérequis HN'!C:C,'Prérequis sécurité HN'!A14,'Suivi prérequis HN'!G:G) -> 0 | E14: =SUMIF('Suivi prérequis HN'!J:J,'Prérequis sécurité HN'!A14,'Suivi prérequis HN'!K:K) -> 0 | G14: =F14/H14 -> 0 | H14: 4125 | I14: 4125 | J14: 0.7298 | K14: =I14*J14 -> 3010.425 | L14: =F14*J14 -> 0
A15: Gestion des accès back office | B15: =SUMIF('Suivi prérequis HN'!C:C,'Prérequis sécurité HN'!A15,'Suivi prérequis HN'!G:G) -> 0 | E15: =SUMIF('Suivi prérequis HN'!J:J,'Prérequis sécurité HN'!A15,'Suivi prérequis HN'!K:K) -> 0 | G15: =F15/H15 -> 0 | H15: 5500 | I15: 5500 | J15: 0.7298 | K15: =I15*J15 -> 4013.9 | L15: =F15*J15 -> 0
A16: Ingénierie, suivi | B16: =SUMIF('Suivi prérequis HN'!C:C,'Prérequis sécurité HN'!A16,'Suivi prérequis HN'!G:G) -> 0 | E16: =SUMIF('Suivi prérequis HN'!J:J,'Prérequis sécurité HN'!A16,'Suivi prérequis HN'!K:K) -> 146446 | G16: =F16/H16 -> 0 | H16: 6875 | I16: 6875 | J16: 0.7298 | K16: =I16*J16 -> 5017.375 | L16: =F16*J16 -> 0
A17: Conception, impression routage support de comm | B17: =SUMIF('Suivi prérequis HN'!C:C,'Prérequis sécurité HN'!A17,'Suivi prérequis HN'!G:G) -> 0 | E17: =SUMIF('Suivi prérequis HN'!J:J,'Prérequis sécurité HN'!A17,'Suivi prérequis HN'!K:K) -> 0 | G17: =F17/H17 -> 0 | H17: 3100 | I17: 3100 | J17: 0.7298 | K17: =I17*J17 -> 2262.38 | L17: =F17*J17 -> 0
A18: Frais de dépl. FRTP | B18: =SUMIF('Suivi prérequis HN'!C:C,'Prérequis sécurité HN'!A18,'Suivi prérequis HN'!G:G) -> 0 | E18: =SUMIF('Suivi prérequis HN'!J:J,'Prérequis sécurité HN'!A18,'Suivi prérequis HN'!K:K) -> 0 | G18: =F18/H18 -> 0 | H18: 750 | I18: 750 | J18: 0.7298 | K18: =I18*J18 -> 547.35 | L18: =F18*J18 -> 0
A19: Temps passé entreprise | B19: =SUMIF('Suivi prérequis HN'!C:C,'Prérequis sécurité HN'!A19,'Suivi prérequis HN'!G:G) -> 0 | E19: =SUMIF('Suivi prérequis HN'!J:J,'Prérequis sécurité HN'!A19,'Suivi prérequis HN'!K:K) -> 0 | G19: =F19/H19 -> 0 | H19: 11250 | I19: 0 | J19: 0 | K19: =I19*J19 -> 0 | L19: =F19*J19 -> 0
A20: TOTAL | B20: =SUM(B13:B19) -> 0 | C20: =SUM(C13:C19) -> 0 | D20: =SUM(D13:D19) -> 0 | E20: =SUM(E13:E19) -> 146598 | F20: =SUM(F13:F19) -> 152 | G20: =F20/H20 -> 0.0042547236 | H20: =SUM(H13:H19) -> 35725 | I20: =SUM(I13:I19) -> 24475 | K20: =SUM(K13:K19) -> 17861.855
A23: Objectif nb d'Agence de TT | B23: 10
B25: cout jour :
B29: Cout livret :
B31: Montant adhésion ATT :
I41: cout jour :

Sheet Suivi prérequis HN
C3: TOTAL Temps heures | J3: Achats / frais | M3: recettes
A6: date | B6: action | C6: imputation | D6: personne | E6: détail activité | F6: temps (heures) | G6: cout | I6: date | J6: nature | K6: montant
A7: 42202 | B7: prerequishn | C7: =VLOOKUP(B7,'Suivi heures'!C:C,2,FALSE) -> #N/A | D7: CG | F7: 5 | G7: =IF(D7="AA",F7*structure!B17,IF(D7="CG",F7*structure!B16,IF(D7="MJ",F7*'Prérequis sécurité HN'!#REF!,"à affecter"))) -> 2750 | I7: 42363 | J7: Promotion de l'outil internet | K7: 152
A8: 42242 | I8: 8 | J8: Promotion de l'outil internet
I9: 41233 | J9: Ingénierie, suivi | K9: 146446

Sheet Prérequis sécurité BN
B1: début convention | E1: fin convention
A2: Convention CRBN | B2: 42278 | E2: 42643
A3: Montant du projet : | B3: 32640
A4: Montant éligible CRBN : | B4: 21390
A5: Montant subvention CRBN totale : | B5: 14973
A6: Tx de subvention CRBN: | B6: 0.7
G8: BASSE-NORMANDIE
B10: Dépenses | J10: Recettes prévisionnelles | R10: Recettes réelles
A11: Prérequis Sécurité Basse-Normandie | B11: TOTAL Temps CG | C11: TOTAL Temps AA | D11: TOTAL Temps MJ | E11: TOTAL Prestations | F11: TOTAL Frais dépl. | G11: TOTAL REEL | H11: Dépenses Prévis. | I11: Dépenses éligibles CRBN | J11: Tx de sbv. CRBN | K11: CRBN | L11: Fondation SMA | M11: FNTP | N11: ATT | O11: Vente Livret ATT | P11: Temps passé entrep. | Q11: TOTAL | R11: CRHN | S11: Fondation SMA | T11: FNTP | U11: ATT | V11: Vente Livret ATT
A12: Promotion de l'outil internet | H12: =4125 -> 4125 | I12: =4125 -> 4125 | J12: 0.7 | K12: =I12*70% -> 2887.5
A13: Sensibilisation des entreprises | H13: 4125 | I13: 4125 | J13: 0.7 | K13: =I13*70% -> 2887.5
A14: Gestion des accès back office | H14: 5450 | I14: 5450 | J14: 0.7 | K14: =I14*70% -> 3815
A15: Ingénierie, suivi | H15: 4250 | I15: 4250 | J15: 0.7 | K15: =I15*70% -> 2975
A16: Conception, impression routage support de comm | H16: 2000 | I16: 2000 | J16: 0.7 | K16: =I16*70% -> 1400
A17: Frais de dépl. FRTP | H17: 1440 | I17: 1440 | J17: 0.7 | K17: =I17*70% -> 1008
A18: Temps passé entreprise | H18: 11250 | I18: 0 | J18: 0.7 | K18: 0
A19: TOTAL | B19: =('Suivi prérequis BN'!B5)/8*B25 -> 343.75 | E19: ='Suivi prérequis BN'!D5 -> 0 | F19: ='Suivi prérequis BN'!F5 -> 0 | G19: =B19+C19+D19+E19+F19 -> 343.75 | H19: =SUM(H12:H18) -> 32640 | I19: =SUM(I12:I18) -> 21390 | K19: =SUM(K12:K18) -> 14973 | L19: 1500 | M19: 8000 | N19: =B22*I30 -> 1000 | P19: =H18 -> 11250 | Q19: =SUM(K19:P19) -> 36723
A22: Objectif nb d'Agence de TT | B22: 10
A25: cout jour : | B25: 550
H28: Cout livret : | I28: 2.5
H30: Montant adhésion ATT : | I30: 100

Sheet Suivi prérequis BN
A2: SUIVI Prérequis Sécurité BN
B4: TOTAL Temps CG heures | D4: TOTAL Prestations | F4: TOTAL Frais dépl.
A5: date | B5: =SUM(B6:B224) -> 5 | C5: date | D5: =SUM(D6:D224) -> 0 | E5: date | F5: =SUM(F6:F224) -> 0
A6: 42202 | B6: =VLOOKUP(A6,'Suivi CDM BN'!A:E,5,FALSE) -> 5
A7: 42242 | B7: =VLOOKUP(A7,'Suivi CDM BN'!A:E,5,FALSE) -> 0

Sheet Organisation de chantier HN
A1: Convention DIRECCTE: juin 2015-juin2017
A2: Montant du Projet | B2: 119813
A3: Montant de la subvention | B3: 55463
A4: Tx de subv : | F4: HAUTE NORMANDIE
B7: Dépenses | J7: Recettes prévisionnelles
A8: Organisation de chantier HN | B8: TOTAL Temps Passé CG | C8: TOTAL Temps passé MJ | D8: TOTAL Temps passé AA | E8: TOTAL Prestations | F8: TOTAL Frais de dépl. | G8: TOTAL Réel Projet | H8: Dépenses Prévis. | I8: Dépenses éligibles Direccte HN | J8: Tx de subv Direccte HN | K8: DIRECCTE HN
A9: Ingénierie | H9: 7350 | I9: 7350 | J9: 0.5 | K9: =I9*J9 -> 3675
A10: Action Appui-conseil | H10: 44645 | I10: =H10 -> 44645 | J10: 0.5 | K10: =I10*J10 -> 22322.5
A11: Action Formation | H11: 42250 | I11: =H11 -> 42250 | J11: 0.5 | K11: =I11*J11 -> 21125
A12: Accompagnement | H12: 25568 | I12: =H12 -> 25568 | K12: 8340
A13: TOTAL | B13: =('Suivi Orga de chantier HN'!C5)/8*B16 -> 893.75 | E13: ='Suivi Orga de chantier HN'!E5 -> 0 | F13: ='Suivi Orga de chantier HN'!G5 -> 0 | G13: =B13+C13+D13+E13+F13 -> 893.75 | H13: 119813 | I13: 119813 | K13: =SUM(K9+K10+K11+K12) -> 55462.5
A16: cout jour | B16: 550

Sheet Suivi Orga de chantier  HN
B2: SUIVI Organisation de chantier HN
C4: TOTAL Temps CG heures | E4: TOTAL Prestations | G4: TOTAL Frais dépl.
A5: commentaire | B5: date | C5: =SUM(C6:C229) -> 13 | D5: date | E5: =SUM(E6:E229) -> 0 | F5: date | G5: =SUM(G6:G229) -> 0
A6: ingén | B6: 42212 | C6: 4
A7: ingén | B7: 42244 | C7: 3
A8: ingén | B8: 42248 | C8: 3
A9: rdv C Eudes | B9: 42249 | C9: 3

Sheet Organisation de chantier BN
A1: Accord EDEC BN Direccte Région BN | B1: janvier 2015-décembre 2015
A3: Montant du Projet | B3: 52195
A4: Montant de la subvention | B4: 26098 | D4: BASSE NORMANDIE
A5: Tx de subv : | B5: 0.5 | G5: BASSE NORMANDIE
B8: Dépenses | J8: Recettes prévisionnelles
A9: Organisation de chantier HN | B9: TOTAL Temps Passé CG | C9: TOTAL Temps passé MJ | D9: TOTAL Temps passé AA | E9: TOTAL Prestations | F9: TOTAL Frais de dépl. | G9: TOTAL Réel Projet | H9: Dépenses Prévis. | I9: Dépenses éligibles Direccte BN EDEC | J9: Tx de subv EDEC BN | K9: EDEC BN Direccte -Région | L9: MIRIADE ? | M9: Tx de participation Entreprise | N9: Part entreprises
A10: Ingénierie | H10: 0 | I10: 0
A11: Action Appui-conseil | H11: 30600 | I11: =H11 -> 30600 | J11: 0.5 | K11: =I11*J11 -> 15300
A12: Action Formation | H12: 24000 | I12: =H12 -> 24000
A13: Accompagnement | H13: 21595 | I13: =H13 -> 21595 | J13: 0.5 | K13: =I13*J13 -> 10797.5
A14: TOTAL PROJET HORS FORMATION | B14: =('Suivi Orga de chantier HN'!C15)/8*B17 -> 0 | E14: ='Suivi Orga de chantier HN'!E15 -> 0 | F14: ='Suivi Orga de chantier HN'!G15 -> 0 | G14: =B14+C14+D14+E14+F14 -> 0 | H14: =H10+H11+H13 -> 52195 | I14: =H14 -> 52195 | K14: =K10+K11+K13 -> 26097.5 | N14: =SUM(N10:N13) -> 0
A17: cout jour | B17: 550

Sheet Suivi Orga de chantier BN
B2: SUIVI Organisation de chantier BN
C4: TOTAL Temps CG heures | E4: TOTAL Prestations | G4: TOTAL Frais dépl.
B5: date | C5: =SUM(C6:C223) -> 10 | D5: date | E5: =SUM(E6:E223) -> 0 | F5: date | G5: =SUM(G6:G223) -> 0
A6: ingen | B6: 42212 | C6: 4
A7: ingen | B7: 42244 | C7: 3
A8: rdv | B8: 42249 | C8: 3

Sheet Obj CO2 HN
A1: Convention CRHN : juin 2015- juin2016 | B1: Global Envir. | C1: Obj. Co2
A2: Montant du projet : | B2: 104270 | C2: 46275
A3: Montant éligible CRHN : | B3: 104270 | C3: 46275
A4: Tx de subvention CRHN: | B4: 0.3 | C4: 0.3
A5: Montant subvention CRBN: | B5: =B4*B3 -> 31281 | C5: =C4*C3 -> 13882.5 | I5: HAUTE NORMANDIE
B8: Dépenses | K8: Recettes prévisionnelles
A9: Objectif CO2 Haute-Normandie | B9: TOTAL temps passé CG | C9: TOTAL Prestations | D9: heures MJ | E9: heures AA | F9: jrs AA | G9: TOTAL Frais depl. | H9: TOTAL Dépenses réelles | I9: Dépenses Prévis. | J9: Dépenses éligibles CRHN | K9: Tx de sbv. CRHN | L9: CRHN | M9: ADEME | N9: FNTP | O9: DIRECCTE | P9: Temps passé entreprises | Q9: TOTAL
A10: Promotion -animation du dispositif
A11: Prestations | I11: =750*5 -> 3750
A12: Conception, impression routage support de comm
A13: Frais de dépl. FRTP
A14: Temps passé entreprise
A15: TOTAL | B15: =('Suivi Objectif CO2 HN'!B5)/8*C18 -> 481.25 | C15: ='Suivi Objectif CO2 HN'!D5 -> 0 | G15: ='Suivi Objectif CO2 HN'!F5 -> 0 | H15: =B15+D15+E15+C15+G15 -> 481.25 | I15: 46275 | J15: 46275 | K15: 0.3 | L15: =J15*K15 -> 13882.5 | N15: 5000
B18: Cout jour CG | C18: 550

Sheet Suivi Objectif CO2 HN
A2: SUIVI Objectif CO2 HN
B4: TOTAL Temps CG heures | D4: TOTAL Prestations | F4: TOTAL Frais dépl.
A5: date | B5: =SUM(B6:B224) -> 7 | C5: date | D5: =SUM(D6:D224) -> 0 | E5: date | F5: =SUM(F6:F224) -> 0
A6: 42213 | B6: 2
A7: 42246 | B7: 2
A8: 42243 | B8: 3

Sheet Ecochantier HN
A1: Convention CRHN juin 2015 - juin 2016 | B1: Global Envir. | E1: ecochantier
A2: Montant du projet : | B2: 104270 | E2: 23350
A3: Montant éligible CRHN : | B3: 104270 | E3: 23350
A4: Tx de subvention CRBN: | B4: 0.3 | E4: 0.3
A5: Montant subvention CRHN : | B5: =B3*B4 -> 31281 | E5: =E3*E4 -> 7005
H6: HAUTE NORMANDIE
B9: Dépenses | J9: Recettes
A10: Ecochantier Haute-Normandie | B10: TOTAL Temps Passé CG | C10: TOTAL Temps passé MJ | D10: TOTAL Temps passé AA | E10: TOTAL Prestations | F10: TOTAL Frais de dépl. | G10: TOTAL Réel Projet | H10: Dépenses Prévis. | I10: Dépenses éligibles CRHN | J10: Tx de subv. CRHN | K10: CRHN | L10: ADEME | M10: FNTP | N10: TOTAL
A11: Ingénierie | J11: 0.3
A12: Promotion -animation du dispositif | J12: 0.3
A13: Prestations | J13: 0.3
A14: Conception, impression routage support de comm | J14: 0.3
A15: Frais de dépl. FRTP | J15: 0.3
A16: Temps passé entreprise | J16: 0.3
A17: TOTAL | B17: =('Suivi ecochantier HN'!C5)/8*B22 -> 0 | E17: ='Suivi ecochantier HN'!E5 -> 0 | F17: ='Suivi ecochantier HN'!G5 -> 0 | G17: =B17+C17+D17+E17+F17 -> 0 | I17: 23350 | J17: 0.3 | K17: =I17*J17 -> 7005 | M17: 5000 | N17: =SUM(K17:M17) -> 12005
A22: cout jour : | B22: 550

Sheet Suivi ecochantier HN
B2: SUIVI écochantier HN
C4: TOTAL Temps CG heures | E4: TOTAL Prestations | G4: TOTAL Frais dépl.
B5: date | C5: =SUM(C6:C224) -> 0 | D5: date | E5: =SUM(E6:E224) -> 0 | F5: date | G5: =SUM(G6:G224) -> 0

Sheet Matériaux
A1: Convention CRHN : juin 2015- juin2016 | B1: Global Envir. | C1: Materiaux
A2: Montant du projet : | B2: 104270 | C2: 34645
A3: Montant éligible CRHN : | B3: 104270 | C3: 34645
A4: Tx de subvention CRHN: | B4: 0.3 | C4: 0.3
A5: Montant subvention CRBN: | B5: =B4*B3 -> 31281 | C5: =C4*C3 -> 10393.5 | I5: HAUTE NORMANDIE
B8: Dépenses | K8: Recettes prévisionnelles
A9: Objectif CO2 Haute-Normandie | B9: TOTAL temps passé CG | C9: TOTAL Prestations | D9: heures MJ | E9: heures AA | F9: jrs AA | G9: TOTAL Frais depl. | H9: TOTAL Dépenses réelles | I9: Dépenses Prévis. | J9: Dépenses éligibles CRHN | K9: Tx de sbv. CRHN | L9: CRHN | M9: CPIER ADEME | N9: FNTP | O9: TOTAL
A10: Promotion -animation
A11: Prestations
A12: Conception, impression routage support de comm
A13: Frais de dépl. FRTP
A15: TOTAL | B15: =('Suivi Matériaux'!C5)/8*C18 -> 0 | C15: ='Suivi Objectif CO2 HN'!D5 -> 0 | G15: ='Suivi Objectif CO2 HN'!F5 -> 0 | H15: =B15+D15+E15+C15+G15 -> 0 | J15: 34645 | K15: 0.3 | L15: =J15*K15 -> 10393.5
B18: Cout jour CG | C18: 550

Sheet Suivi Matériaux
B2: SUIVI Matériaux HN
C4: TOTAL Temps CG heures | E4: TOTAL Prestations | G4: TOTAL Frais dépl.
B5: date | C5: =SUM(C6:C224) -> 0 | D5: date | E5: =SUM(E6:E224) -> 0 | F5: date | G5: =SUM(G6:G224) -> 0

Sheet Observatoire
B4: à créer

Sheet Suivi Observatoire
B2: SUIVI ORQUASI
C4: TOTAL Temps CG heures | E4: TOTAL Prestations | G4: TOTAL Frais dépl.
B5: date | C5: =SUM(C6:C224) -> 0 | D5: date | E5: =SUM(E6:E224) -> 0 | F5: date | G5: =SUM(G6:G224) -> 0

Sheet I DROP
B5: à créer
